 Dungeon Crawl Stone Soup version 0.22.0-13-g43fe8f2 (webtiles) character file.

57 KLATTERAL the Ducker (level 3, -1/29 HPs)
             Began as a Minotaur Wanderer on Aug 17, 2018.
             Slain by a giant cockroach (2 damage)
             ... on level 2 of the Dungeon.
             The game lasted 00:11:01 (1598 turns).

KLATTERAL the Ducker (Minotaur Wanderer)            Turns: 1598, Time: 00:11:02

Health: -1/29      AC:  3    Str: 13    XL:     3   Next: 73%
Magic:  4/4        EV: 12    Int: 10    God:
Gold:   87         SH:  0    Dex: 12    Spells: 3/5 levels left

rFire    . . .     SeeInvis .   j - +0 dagger
rCold    . . .     Gourm    .   (no shield)
rNeg     . . .     Faith    .   l - +0 leather armour
rPois    .         Spirit   .   (helmet restricted)
rElec    .         Reflect  .   (no cloak)
rCorr    .         Harm     .   (no gloves)
MR       .....                  (no boots)
Stlth    +.........             (no amulet)
HPRegen  0.09/turn              (no ring)
MPRegen  0.09/turn              (no ring)

@: no status effects
A: retaliatory headbutt, horns 2
a: no special abilities


You were on level 2 of the Dungeon.
You were not hungry.

You visited 1 branch of the dungeon, and saw 2 of its levels.

You collected 87 gold pieces.

Inventory:

Hand Weapons
 j - a +0 dagger (weapon)
 m - a +0 hunting sling
Missiles
 o - 6 sling bullets (quivered)
Armour
 l - a +0 leather armour (worn)
Magical Staves
 q - an uncursed staff of air {unknown}
Scrolls
 a - a scroll of amnesia {unknown}
 e - a scroll of random uselessness {unknown}
 g - a scroll of fear {unknown}
 h - a scroll of teleportation
 i - a scroll of magic mapping {unknown}
 n - 2 scrolls of identify {unknown}
 p - a scroll of remove curse
Potions
 b - a potion of lignification
 d - a potion of haste {unknown}
 k - a potion of resistance {unknown}
Comestibles
 c - a chunk of flesh
 f - 3 rations


   Skills:
 + Level 1.7 Fighting
 + Level 0.9 Short Blades
 - Level 1.2(1.3) Throwing
 + Level 1.4 Armour
 + Level 2.8 Dodging
 + Level 1.9 Spellcasting
 + Level 2.5 Transmutations
   Level 1.0 Evocations


You had 3 spell levels left.
You knew the following spells:

 Your Spells              Type           Power        Failure   Level  Hunger
a - Sticks to Snakes      Tmut           #.......     22%         2    ###....

Your spell library contained the following spells:

 Spells                   Type           Power        Failure   Level  Hunger
 Spider Form              Tmut/Pois      #.........   58%         3    ####...
 Blade Hands              Tmut           #.........   99%         5    ######.
 Ice Form                 Ice/Tmut       #.......     94%         4    #####..
 Beastly Appendage        Tmut           #.....       14%         1    ##.....


Dungeon Overview and Level Annotations

Branches:
Dungeon (2/15)

Altars:


Innate Abilities, Weirdness & Mutations

You reflexively headbutt those who attack you in melee.
You have a pair of horns on your head.


Message History

o - 6 sling bullets (gained 2)
* * * LOW HITPOINT WARNING * * *
You feel sick.
e - a scroll labeled CEACOR RUESCHA
* * * LOW HITPOINT WARNING * * *
You feel sick.
* * * LOW HITPOINT WARNING * * *
You feel sick.
You are no longer poisoned.
A giant cockroach comes into view.
Found a potion of lignification.
The giant cockroach barely misses you.
You hit the giant cockroach.
The giant cockroach is severely wounded.
The giant cockroach bites you.
* * * LOW HITPOINT WARNING * * *
You closely miss the giant cockroach.
The giant cockroach is severely wounded.
The giant cockroach bites you.
You die...

#..#.# #..#.#####
#.........
##.#.#####
####.#.##
#.......#
#.......#
#.......######!#..
#.........@s......
#.......##########
#.......#
#.......#
#########


You could see a giant cockroach.

Vanquished Creatures
  3 adders (D:2)
  An ooze (D:1)
  A dart slug (D:2)
  A leopard gecko (D:2)
  5 bats (D:1)
  A giant cockroach (D:1)
  3 goblins (D:1)
  2 hobgoblins (D:1)
  2 jackals (D:1)
  A ball python (D:2)
  5 rats
  3 bushes (D:1)
28 creatures vanquished.

Notes
Turn   | Place    | Note
-------+----------+-------------------------------------------
     0 | D:1      | KLATTERAL the Minotaur Wanderer began the quest for the Orb.
     0 | D:1      | KLATTERAL set off with: a potion of lignification, 7 poisoned needles, a +0 blowgun, a +0 robe, a ration
     0 | D:1      | Reached XP level 1. HP: 16/16 MP: 1/1
   249 | D:1      | Reached XP level 2. HP: 20/23 MP: 3/3
   760 | D:1      | Learned a level 2 spell: Sticks to Snakes
  1373 | D:2      | Reached skill level 1 in Armour
  1373 | D:2      | Reached XP level 3. HP: 23/28 MP: 4/4
  1588 | D:2      | HP: 1/29 [poisoned by an adder]
  1597 | D:2      | HP: 1/29 [giant cockroach (1)]
  1598 | D:2      | Slain by a giant cockroach

Skill      XL: |  1  2 |
---------------+-------+-----
Armour         | 1 |  1.4
Fighting       | |  1.7
Short Blades   | |  0.9
Throwing       | |  1.2
Dodging        | |  2.8
Spellcasting   | |  1.9
Transmutations | |  2.5
Evocations     | |  1.0

Action                   || total
-------------------------++-------
Melee: Blowgun           ||     1
       Dagger            ||   462
       Headbutt          ||   160
       Hunting sling     ||    24
 Fire: Blowgun           ||    18
       Hunting sling     ||     5
  Use: Scroll            ||     2
  Eat: Chunk             ||     3
Armor: Robe              ||     4
       Leather armour    ||    20
Dodge: Dodged            ||    68
